 Dungeon Crawl Stone Soup version 0.27-a0-994-g5030419646 (webtiles) character file.

Game seed: 10627388252430092085

67 Ijustatesigmund the Skirmisher (level 4, -1/35 HPs)
             Began as a Demonspawn Fighter on Apr 16, 2021.
             Slain by Terence
             ... wielding a +0 trident
              (6 damage)
             ... on level 2 of the Dungeon.
             The game lasted 00:01:39 (1342 turns).

Ijustatesigmund the Skirmisher (Demonspawn Fighter) Turns: 1342, Time: 00:01:40

Health: -1/35      AC:  6    Str: 16    XL:     4   Next: 0%
Magic:  4/4        EV:  7    Int: 10    God:
Gold:   57         SH: 12    Dex: 13    Spells: 3/3 levels left

rFire    . . .     SeeInvis .   a - +0 war axe
rCold    . . .     Faith    .   c - +0 kite shield
rNeg     . . .     Spirit   .   b - +0 scale mail
rPois    .         Reflect  .   (no helmet)
rElec    .         Harm     .   (no cloak)
rCorr    .         Rampage  .   (no gloves)
Will     .....                  (no boots)
Stlth    ..........             (no amulet)
HPRegen  0.11/turn              (no ring)
MPRegen  0.18/turn              (no ring)

@: mighty
A: large bone plates 1, magic regeneration
a: no special abilities


You were on level 2 of the Dungeon.
You visited 1 branch of the dungeon, and saw 2 of its levels.

You collected 57 gold pieces.

Inventory:

Hand Weapons
 a - a +0 war axe (weapon)
Armour
 b - a +0 scale mail (worn)
 c - a +0 kite shield (worn)
Jewellery
 g - an amulet of magic regeneration
Scrolls
 f - a scroll of holy word {unknown}
Potions
 e - a potion of cancellation {unknown}
 h - a potion of attraction {unknown}


   Skills:
 + Level 3.5 Fighting
 * Level 3.0 Axes
 - Level 2.6 Armour
 + Level 1.4 Dodging
 - Level 2.6 Shields


You had 3 spell levels left.
You didn't know any spells.
Your spell library was empty.

Dungeon Overview and Level Annotations

Branches:
Dungeon (2/15)

Altars:

Annotations:
D:2 Terence


Innate Abilities, Weirdness & Mutations

You are partially covered in large bone plates. (SH +4)
You regenerate magic rapidly.


Message History

No target in view!
You see here a rat corpse.
You now have 53 gold pieces (gained 4).
Found a short sword.
Found a stone staircase leading up.
You now have 57 gold pieces (gained 4).
Found 18 stones.
A rat comes into view.
Terence the Incautious comes into view.
He is wielding a +0 trident.
Terence shouts!
The rat bites you.
You closely miss the rat. The rat bites you. You block the rat's attack.
You closely miss the rat.
Terence hits you from afar with a +0 trident!
You block the rat's attack.
You slash the rat!
You kill the rat!
You block Terence's attack.
Terence hits you from afar with a +0 trident!
You have reached level 4!
You feel clever.
You feel very mighty all of a sudden.
Terence hits you from afar with a +0 trident.
* * * LOW HITPOINT WARNING * * *
Terence closely misses you.
You hit Terence but do no damage. You block Terence's attack. x2
You slash Terence!
Terence is heavily wounded.
You block Terence's attack.
You barely miss Terence.
Terence is heavily wounded.
Terence hits you but does no damage. You block Terence's attack.
You hit Terence.
Terence is severely wounded.
Terence hits you with a +0 trident.
* * * LOW HITPOINT WARNING * * *
You barely miss Terence.
Terence is severely wounded.
Terence hits you with a +0 trident.
You die...

............. ......
#......#..## ......
+..........+ ......#
#####.......#.## .......
...+....##.....
#......####.#.......##.#
#.............#.....##..
......@.<...........###.
.......@...........)+...
..##.....##.........####
##..(..##..........#..
+..................#..
#........#.........#..
#........#.........#..
....................#..
...........####.....#..
...##....... ........


You could see Terence.

Vanquished Creatures
  A jelly (D:2)
  An adder (D:2)
  A worm (D:2)
  A dart slug (D:1)
  2 ball pythons (D:1)
  A bat (D:2)
  An endoplasm (D:1)
  2 goblins
  2 hobgoblins (D:1)
  2 quokkas (D:1)
  3 frilled lizards
  3 kobolds
  6 rats
26 creatures vanquished.

Notes
Turn   | Place    | Note
-------+----------+-------------------------------------------
     0 | D:1      | Ijustatesigmund the Demonspawn Fighter began the quest for
                  | the Orb.
     0 | D:1      | Reached XP level 1. HP: 18/18 MP: 1/1
   343 | D:1      | Gained mutation: You regenerate magic rapidly. [demonic
                  | ancestry]
   343 | D:1      | Reached XP level 2. HP: 19/24 MP: 2/2
  1142 | D:2      | Reached skill level 1 in Dodging
  1142 | D:2      | Gained mutation: You are partially covered in large bone
                  | plates. (SH +4) [demonic ancestry]
  1142 | D:2      | Reached XP level 3. HP: 23/29 MP: 3/3
  1331 | D:2      | Noticed Terence
  1336 | D:2      | Reached XP level 4. HP: 15/35 MP: 4/4
  1342 | D:2      | Slain by Terence

Illustrated notes

Levels and vault maps discovered:
D:1:      minmay_arrival_semitransparent, layout_basic, serial_bayou_crossing
D:2:      layout_basic, uniq_terence, uniq_natasha

Skill      XL: |  1  2  3 |
---------------+----------+-----
Axes           | 2 3 |  3.0
Dodging        | 1 |  1.4
Fighting       | |  3.5
Armour         | |  2.6
Shields        | |  2.6

Action                   |  1- 3 |  4- 6 || total
-------------------------+-------+-------++-------
Melee: War axe           |    93 |     5 ||    98
  Use: Scroll            |     2 |       ||     2
       Potion            |       |     1 ||     1
Armor: Scale mail        |    41 |     1 ||    42
Dodge: Dodged            |    20 |     1 ||    21
Block: Kite shield       |    54 |     4 ||    58

Table legend: (Time is in decaauts)
 A = Elapsed time spent in this place.
 B = Non-inter-level travel time spent in this place.
 C = Inter-level travel time spent in this place.
 D = Time resting spent in this place.
 E = Time spent auto-exploring this place.
 F = Levels seen in this place.
 G = Mean time per level.
                   A        B        C        D        E       F      G
               +--------+--------+--------+--------+--------+-----+--------+
         Total |   1408 |   1408 |      0 |    258 |    911 |   2 |  704.0 |
       Dungeon |   1408 |   1408 |      0 |    258 |    911 |   2 |  704.0 |
               +--------+--------+--------+--------+--------+-----+--------+

Top non-repeatable levels by time:
     D:1: 1122 daAuts
     D:2: 286 daAuts
